Map: Efflorescence LE

Players

qqq

  • Race: Protoss Protoss
  • Spawn Location: 12:00

Massa

  • Race: Terran Terran
  • League: Platinum
  • Spawn Location: 3:00

Yarmaul - Winner!

  • Race: Protoss Protoss
  • League: Platinum
  • Spawn Location: 9:00

Amadeus - Winner!

  • Race: Protoss Protoss
  • League: Gold
  • Spawn Location: 6:00

VOD

Have the link to the VOD?

Description

Time

  • Played on: Oct. 31, 2020, 8:04 a.m.
  • Length: 18:05
Show
View Real Time Build Order
Export as new Build Order

qqq Protoss 

Build Orders: Cannon Rush, Carriers 

Get SALT Encoding   

  12  0:00  Probe  
  13  0:12  Probe  
  14  0:24  Pylon  
  14  0:27  Probe  
  15  0:42  Probe  
  16  0:47  Forge  
  16  0:54  Probe  
  17  1:06  Probe  
  18  1:18  Probe  
  18  1:19  Pylon  
  19  1:26  Pylon  
  19  1:43  Photon Cannon  
  19  1:47  Photon Cannon  
  19  1:53  Photon Cannon  
  19  1:55  Photon Cannon  
  18  2:05  Probe  
  19  2:18  Probe  
  20  2:32  Photon Cannon  
  19  2:38  Probe  
  20  2:51  Nexus  
  20  2:52  Gateway  
  20  2:57  Assimilator  
  20  3:01  Probe  
  20  3:02  Assimilator  
  21  3:13  Probe  
  21  3:16  Gateway  
  22  3:20  Pylon  
  22  3:25  Probe  
  23  3:38  Probe  
  23  3:40  Cybernetics Core  
  24  3:47  Photon Cannon  
  24  3:50  Probe  
  25  4:03  Probe (Chrono Boost)  
  25  4:04  Probe (Chrono Boost)  
  27  4:13  Probe x2 (Chrono Boost)  
  29  4:18  Probe x2 (Chrono Boost), Stalker  
  29  4:23  Stalker  
  35  4:29  Probe  
  36  4:33  Stargate  
  36  4:34  Probe  
  37  4:41  Assimilator  
  37  4:48  Probe, Stalker  
  40  4:55  Stargate  
  40  4:58  Probe (Chrono Boost)  
  41  5:03  Probe (Chrono Boost)  
  42  5:07  Assimilator  
  42  5:10  Probe (Chrono Boost)  
  44  5:17  Probe (Chrono Boost)  
  44  5:18  Probe (Chrono Boost)  
  45  5:24  Pylon  
  45  5:26  Pylon  
  45  5:30  Pylon  
  45  5:37  Probe, Pylon  
  45  5:40  Protoss Air Weapons Level 1  
  45  5:42  Probe, Phoenix  
  49  5:51  Fleet Beacon  
  49  5:54  Probe  
  50  6:01  Phoenix (Chrono Boost)  
  53  6:06  Probe  
  53  6:09  Phoenix (Chrono Boost)  
  55  6:18  Probe  
  56  6:23  Phoenix (Chrono Boost)  
  58  6:27  Phoenix (Chrono Boost)  
  60  6:33  Anion Pulse-Crystals (Chrono Boost)  
  60  6:38  Pylon  
  60  6:44  Phoenix  
  62  6:57  Phoenix  
  64  7:11  Phoenix  
  65  7:22  Phoenix  
  66  7:37  Photon Cannon  
  64  7:43  Robotics Facility  
  62  7:44  Photon Cannon  
  62  7:46  Photon Cannon  
  50  8:09  Probe  
  50  8:11  Carrier  
  63  8:20  Carrier  
  63  8:21  Probe  
  64  8:33  Probe  
  65  8:45  Probe  
  65  8:46  Observer (Chrono Boost)  
  67  8:57  Probe  
  68  9:09  Probe  
  69  9:17  Nexus  
  69  9:19  Pylon  
  69  9:20  Pylon  
  69  9:21  Probe  
  69  9:23  Photon Cannon  
  69  9:24  Pylon  
  76  9:34  Probe  
  70  9:46  Probe  
  71  10:12  Carrier (Chrono Boost)  
  57  10:35  Pylon  
  55  10:36  Photon Cannon, Carrier (Chrono Boost)  
  55  10:37  Pylon  
  54  10:54  Photon Cannon  
  54  10:57  Shield Battery  
  54  11:00  Photon Cannon  
  54  11:04  Stargate  
  54  11:05  Stargate  
  54  11:14  Phoenix (Chrono Boost)  
  56  11:31  Phoenix  
  56  11:32  Phoenix, Fleet Beacon  
  58  11:39  Nexus  
  60  11:42  Pylon  
  60  11:44  Pylon  
  60  11:47  Pylon  
  60  11:48  Protoss Air Armor Level 1  
  60  11:50  Pylon  
  60  11:57  Phoenix  
  62  12:02  Phoenix x3  
  68  12:10  Photon Cannon  
  68  12:12  Photon Cannon  
  68  12:14  Photon Cannon  
  68  12:17  Photon Cannon  
  68  12:20  Shield Battery  
  69  12:23  Observer  
  69  12:43  Mothership (Chrono Boost)  
  76  12:57  Carrier (Chrono Boost)  
  82  13:03  Probe (Chrono Boost)  
  83  13:05  Shield Battery  
  84  13:14  Probe (Chrono Boost)  
  84  13:19  Probe (Chrono Boost)  
  90  13:25  Tempest (Chrono Boost), Carrier (Chrono Boost)  
  91  13:30  Probe  
  97  13:35  Tempest (Chrono Boost)  
  102  13:42  Probe  
  103  13:52  Tempest (Chrono Boost)  
  108  13:57  Probe  
  109  14:08  Pylon  
  109  14:09  Probe  
  110  14:13  Carrier  
  116  14:21  Probe  
  117  14:27  Tempest  
  122  14:34  Probe  
  123  14:46  Probe, Pylon  
  123  14:49  Pylon  
  124  14:58  Probe  
  125  15:04  Tempest  
  130  15:10  Probe, Nexus  
  130  15:11  Assimilator  
  130  15:12  Pylon  
  131  15:14  Photon Cannon  
  131  15:15  Assimilator  
  131  15:19  Tempest  
  136  15:22  Probe  
  137  15:34  Probe  
  138  15:46  Probe  
  139  15:58  Probe  
  139  16:00  Photon Cannon  
  139  16:02  Photon Cannon  
  140  16:05  Pylon  
  140  16:10  Probe  
  141  16:25  Tempest  
  141  16:26  Tempest x2, Carrier  
  162  16:33  Probe  
  163  16:45  Probe  
  164  16:50  Pylon  
  164  16:51  Probe  
  165  16:57  Probe  
  165  16:58  Pylon  
  166  17:03  Void Ray  
Show
View Real Time Build Order
Export as new Build Order

Massa Terran 

Build Orders:  

Get SALT Encoding   

  12  0:00  SCV  
  13  0:12  SCV  
  14  0:21  Supply Depot  
  14  0:24  SCV  
  15  0:43  SCV  
  15  0:44  Barracks  
  16  0:55  SCV  
  17  0:59  Refinery  
  17  1:07  SCV  
  18  1:19  SCV  
  19  1:31  Marine  
  20  1:40  Orbital Command  
  20  1:42  Command Center  
  20  1:55  Supply Depot  
  20  1:59  Barracks Reactor  
  20  2:09  Barracks  
  20  2:12  SCV  
  21  2:23  Supply Depot  
  21  2:24  SCV  
  22  2:36  SCV  
  23  2:39  Marine  
  23  2:41  Marine  
  25  2:48  SCV, Factory  
  26  2:57  Marine  
  27  2:58  Engineering Bay  
  27  2:59  Marine  
  27  3:00  SCV  
  27  3:01  Barracks Tech Lab  
  29  3:11  Refinery  
  29  3:12  Orbital Command  
  29  3:17  SCV  
  30  3:20  Marine  
  30  3:22  Stimpack  
  30  3:24  Marine  
  32  3:37  SCV  
  32  3:38  SCV  
  32  3:39  Refinery  
  34  3:43  Factory Tech Lab  
  34  3:49  SCV  
  34  3:50  SCV, Marauder, Marine  
  34  3:51  Marine  
  40  4:01  Starport  
  40  4:03  Supply Depot  
  40  4:13  Barracks  
  40  4:14  SCV x2  
  42  4:20  Missile Turret  
  42  4:24  Missile Turret  
  42  4:26  SCV, Terran Infantry Weapons Level 1  
  43  4:32  Siege Tank  
  43  4:34  Marine  
  43  4:36  Marine  
  48  4:40  Marauder  
  48  4:45  SCV x2  
  52  4:51  Medivac  
  54  4:57  SCV x2  
  56  5:04  Marauder  
  56  5:06  Barracks Tech Lab  
  58  5:07  Marine  
  58  5:08  Marine  
  58  5:09  SCV x2  
  62  5:19  Supply Depot  
  62  5:25  Supply Depot  
  62  5:40  Marine x2, Combat Shield  
  62  5:41  Widow Mine, Marauder x2  
  62  5:42  Concussive Shells  
  70  5:50  SCV x2  
  72  6:02  Widow Mine, SCV, Marauder  
  67  6:21  Terran Infantry Armor Level 1, Marine x3  
  67  6:23  Cyclone, Marine  
  74  6:27  Barracks  
  74  6:34  Missile Turret  
  74  6:36  Command Center  
  74  6:37  Starport Reactor, Missile Turret  
  74  6:39  Marine x2  
  77  6:41  Marine  
  77  6:48  Marine  
  77  6:54  Refinery  
  78  7:10  Supply Depot  
  78  7:11  Supply Depot  
  78  7:19  Barracks Reactor  
  78  7:20  Factory  
  78  7:32  Marine  
  78  7:35  Supply Depot  
  79  7:44  Command Center  
  79  7:47  SCV, Marine x2, Medivac x2  
  79  7:50  Orbital Command  
  86  7:59  SCV  
  84  8:07  Cyclone  
  89  8:29  Missile Turret  
  89  8:32  Missile Turret  
  86  8:34  Starport  
  86  8:50  Factory  
  86  9:12  Medivac  
  86  9:13  Medivac  
  90  9:22  Marauder, Marine x2  
  94  9:32  Supply Depot  
  94  9:33  Supply Depot  
  94  9:34  Supply Depot x2  
  94  9:35  Supply Depot x2  
  94  9:37  Armory, Marine x2  
  94  9:53  Cyclone, Marine, Medivac  
  94  9:54  Marauder  
  94  9:55  Cyclone, Marine x3  
  94  9:56  Supply Depot  
  94  9:58  Orbital Command  
  108  10:11  Marine  
  108  10:13  Marine x3  
  112  10:15  Marauder  
  114  10:23  Missile Turret  
  114  10:25  Cyclone  
  117  10:30  Marine x2  
  117  10:31  Missile Turret  
  117  10:34  Supply Depot  
  119  10:36  Marauder  
  121  10:46  Missile Turret  
  121  10:58  Marauder  
  123  11:05  Missile Turret  
  123  11:17  Barracks  
  123  11:21  Command Center  
  123  11:30  Medivac x2  
  127  12:00  Medivac  
  129  12:04  Engineering Bay  
  129  12:05  Supply Depot  
  129  12:06  Supply Depot x2  
  129  12:09  Supply Depot  
  129  12:39  Terran Infantry Weapons Level 2, Medivac x2  
  129  12:42  Missile Turret  
  133  12:44  Missile Turret  
  133  12:46  Missile Turret  
  133  13:02  Missile Turret  
  133  13:05  Missile Turret  
  133  13:06  Missile Turret  
  125  13:23  Missile Turret  
  64  13:36  Cyclone x2  
  64  13:38  Marauder, Marine x2  
  64  13:40  Marine x2  
  76  13:43  Missile Turret  
  76  13:46  SCV x2  
  78  13:56  Marine x2  
  78  13:58  SCV x2, Marine x2  
  78  13:59  Marauder  
  86  14:05  Missile Turret  
  86  14:08  Cyclone x2  
  92  14:10  SCV x2  
  92  14:13  Marine  
  92  14:14  Marine  
  92  14:15  Marine  
  92  14:16  Marine  
  98  14:20  Marauder  
  98  14:22  SCV  
  98  14:23  SCV  
  102  14:24  Mag-Field Accelerator  
  102  14:26  Smart Servos  
  102  14:30  Orbital Command  
  102  14:31  Marine x2  
  102  14:33  Marine x2  
  106  14:40  Thor  
  106  14:42  Marauder  
  114  14:49  Marine x2  
  114  14:51  Marine x2  
  118  14:55  Terran Infantry Armor Level 2  
  118  15:03  Marauder  
  120  15:07  Marine x2  
  120  15:09  Marine x2  
  118  15:21  Refinery  
  109  15:23  Refinery, Thor x2  
  109  15:24  Marine  
  109  15:28  Marine x4  
  126  15:37  Missile Turret  
  126  15:42  Marine  
  127  15:46  Marine  
  128  16:01  Marauder, Marine x3  
  128  16:03  Marine  
  134  16:06  Thor x2  
  134  16:10  Engineering Bay  
  143  16:19  Marine x3  
  143  16:21  Marine  
  143  16:22  Marauder  
  149  16:37  Command Center  
  149  16:44  Marauder  
  151  16:49  Hellion, Command Center  
  153  17:05  Marauder  
  132  17:30  Missile Turret x2  
  132  17:31  Missile Turret  
  132  17:35  Missile Turret  
  132  17:36  Marauder, Marine  
Show
View Real Time Build Order
Export as new Build Order

Yarmaul Protoss - Winner!

Build Orders:  

Get SALT Encoding   

  12  0:03  Probe (Chrono Boost)  
  13  0:13  Probe (Chrono Boost)  
  14  0:20  Pylon  
  14  0:23  Probe  
  15  0:30  Assimilator  
  15  0:38  Probe  
  16  0:45  Gateway  
  16  0:50  Probe  
  17  1:01  Gateway  
  17  1:09  Probe (Chrono Boost), Assimilator  
  19  1:19  Probe (Chrono Boost)  
  19  1:23  Pylon  
  19  1:32  Zealot  
  21  1:53  Zealot  
  21  2:32  Cybernetics Core  
  21  2:42  Probe (Chrono Boost)  
  23  2:51  Probe (Chrono Boost)  
  23  2:56  Probe (Chrono Boost)  
  24  3:08  Nexus  
  24  3:09  Adept  
  26  3:14  Adept  
  28  3:24  Pylon  
  28  3:29  Warp Gate  
  28  3:33  Probe (Chrono Boost)  
  30  3:42  Probe (Chrono Boost)  
  30  3:52  Probe, Twilight Council  
  31  3:59  Robotics Facility  
  31  4:07  Probe  
  32  4:22  Pylon  
  32  4:28  Dark Shrine  
  32  4:37  Gateway  
  32  4:41  Gateway  
  32  4:46  Probe (Chrono Boost)  
  34  4:53  Probe (Chrono Boost)  
  34  4:56  Probe (Chrono Boost)  
  36  5:00  Probe (Chrono Boost)  
  36  5:03  Probe (Chrono Boost)  
  36  5:05  Probe (Chrono Boost)  
  37  5:10  Gateway  
  38  5:19  Gateway  
  39  5:22  Probe (Chrono Boost)  
  39  5:23  Probe (Chrono Boost)  
  40  5:32  Probe (Chrono Boost)  
  40  5:33  Probe (Chrono Boost)  
  42  5:38  Probe (Chrono Boost)  
  42  5:39  Probe (Chrono Boost)  
  42  5:42  Warp Prism  
  44  5:47  Probe  
  44  5:49  Probe  
  48  5:53  Assimilator  
  48  5:55  Assimilator  
  48  6:02  Gateway  
  48  6:05  Gateway  
  48  6:22  Forge  
  48  6:28  Probe (Chrono Boost), Forge  
  49  6:36  Probe (Chrono Boost)  
  49  6:38  Probe (Chrono Boost)  
  51  6:43  Probe (Chrono Boost)  
  51  6:46  Charge  
  52  6:48  Probe (Chrono Boost)  
  52  6:53  Probe, Nexus  
  54  7:03  Dark Templar  
  54  7:04  Dark Templar x3  
  62  7:13  Shadow Stride  
  62  7:14  Protoss Ground Weapons Level 1  
  62  7:16  Protoss Shields Level 1  
  56  7:46  Dark Templar x3  
  62  7:57  Pylon x2  
  62  7:59  Pylon  
  58  8:06  Dark Templar x4  
  58  8:07  Dark Templar  
  68  8:28  Warp Prism  
  54  9:12  Probe (Chrono Boost)  
  54  9:16  Probe (Chrono Boost)  
  57  9:17  Probe (Chrono Boost)  
  57  9:22  Probe (Chrono Boost)  
  60  9:24  Probe x2 (Chrono Boost)  
  60  9:27  Probe (Chrono Boost), Robotics Facility  
  60  9:29  Probe x2 (Chrono Boost), Robotics Facility  
  62  9:32  Dark Templar x2  
  62  9:33  Dark Templar x2  
  62  9:34  Robotics Bay  
  71  9:41  Dark Templar  
  73  9:49  Dark Templar  
  71  9:53  Assimilator  
  71  9:57  Assimilator  
  71  10:01  Warp Prism  
  73  11:12  Observer  
  73  11:13  Disruptor x2  
  78  11:57  Archon x2  
  70  12:16  Disruptor x2  
  70  12:17  Disruptor  
  79  12:28  Pylon  
  77  12:30  Zealot x3  
  77  12:31  Stalker x3  
  77  12:32  Pylon, Stalker  
  77  12:33  Stalker  
  77  12:36  Protoss Ground Weapons Level 2, Protoss Shields Level 2  
  93  12:52  Warp Prism  
  93  12:58  Stalker x6  
  103  12:59  Stalker x2  
  111  13:14  Gateway  
  111  13:15  Gateway  
  111  13:16  Gateway  
  111  13:18  Gateway  
  111  13:21  Gateway  
  111  13:22  Gateway  
  111  13:23  Gateway  
  111  13:26  Gateway  
  111  13:30  Stalker x3  
  117  13:40  Pylon  
  117  13:42  Pylon  
  117  13:46  Pylon x2, Forge  
  117  13:47  Pylon  
  117  13:49  Pylon, Blink  
  117  13:51  Pylon  
  117  13:57  Extended Thermal Lance  
  117  13:58  Colossus  
  117  14:00  Colossus  
  129  14:21  Dark Templar x2  
  129  14:22  Dark Templar x3  
  129  14:23  Dark Templar  
  141  14:24  Dark Templar x2  
  141  14:25  Dark Templar x2  
  141  14:26  Dark Templar  
  141  14:29  Archon x3  
  141  14:30  Archon x2  
  151  14:32  Dark Templar  
  151  14:37  Archon  
  153  14:50  Stalker x4  
  161  15:05  Pylon  
  161  15:06  Pylon  
  161  15:07  Pylon  
  161  15:20  Zealot x2  
  161  15:21  Zealot x4  
  173  15:42  Protoss Ground Armor Level 1  
  167  16:21  Zealot x5  
  167  16:22  Stalker x2  
  167  16:23  Stalker x2  
  167  16:24  Zealot  
  167  16:25  Zealot x2  
  191  16:26  Stalker  
  191  16:27  Stalker  
  191  16:28  Stalker  
  197  16:36  Pylon  
  197  16:37  Pylon  
  197  16:40  Pylon  
  169  17:26  Zealot x5  
  169  17:27  Zealot x6  
  169  17:28  Zealot x4  
Show
View Real Time Build Order
Export as new Build Order

Amadeus Protoss - Winner!

Build Orders: Carriers 

Get SALT Encoding   

  12  0:01  Probe (Chrono Boost)  
  13  0:11  Probe (Chrono Boost)  
  14  0:24  Pylon  
  14  0:26  Probe  
  15  0:30  Assimilator  
  15  0:43  Gateway  
  15  0:45  Probe  
  16  0:57  Probe (Chrono Boost)  
  17  1:09  Probe (Chrono Boost)  
  18  1:14  Pylon  
  19  1:18  Probe (Chrono Boost)  
  19  1:21  Assimilator  
  19  1:24  Probe  
  20  1:32  Cybernetics Core  
  20  1:47  Zealot  
  20  1:52  Probe  
  23  2:04  Probe  
  23  2:16  Probe  
  24  2:35  Nexus  
  24  2:40  Stargate  
  24  2:59  Pylon, Stargate  
  24  3:03  Probe (Chrono Boost)  
  25  3:10  Pylon  
  26  3:14  Probe (Chrono Boost)  
  26  3:19  Probe (Chrono Boost)  
  27  3:30  Probe, Void Ray  
  27  3:32  Protoss Air Weapons Level 1  
  32  3:46  Probe  
  33  3:54  Assimilator  
  33  3:58  Assimilator  
  33  4:02  Probe (Chrono Boost)  
  34  4:03  Probe (Chrono Boost)  
  35  4:11  Void Ray  
  35  4:13  Probe (Chrono Boost)  
  35  4:14  Probe (Chrono Boost)  
  37  4:23  Probe  
  42  4:27  Probe  
  43  4:34  Void Ray  
  43  4:35  Probe  
  44  4:39  Probe  
  49  4:51  Probe  
  50  5:01  Fleet Beacon  
  50  5:04  Probe  
  50  5:05  Void Ray, Pylon  
  55  5:16  Probe (Chrono Boost)  
  56  5:21  Void Ray  
  56  5:25  Probe (Chrono Boost)  
  61  5:30  Probe (Chrono Boost)  
  62  5:42  Probe (Chrono Boost)  
  63  5:46  Void Ray  
  63  5:48  Probe (Chrono Boost)  
  64  5:55  Flux Vanes  
  64  5:56  Probe  
  69  6:08  Cybernetics Core  
  70  6:22  Protoss Air Weapons Level 2  
  69  6:39  Pylon  
  69  6:40  Pylon  
  69  6:43  Pylon  
  69  6:45  Pylon  
  69  6:51  Stargate, Void Ray x2  
  69  7:00  Probe  
  78  7:12  Probe, Protoss Air Armor Level 1  
  79  7:33  Nexus  
  79  7:37  Assimilator  
  79  7:42  Assimilator  
  79  7:47  Void Ray x2  
  87  8:24  Void Ray x2  
  87  8:51  Carrier  
  93  8:56  Probe (Chrono Boost)  
  94  9:06  Probe (Chrono Boost)  
  94  9:07  Carrier  
  101  9:11  Probe (Chrono Boost)  
  102  9:22  Probe  
  103  9:34  Probe  
  100  9:47  Probe  
  100  9:50  Carrier (Chrono Boost)  
  107  9:53  Carrier (Chrono Boost)  
  107  9:59  Probe  
  106  10:08  Carrier (Chrono Boost)  
  96  10:45  Carrier  
  94  10:50  Probe (Chrono Boost)  
  95  11:00  Probe (Chrono Boost)  
  96  11:04  Probe (Chrono Boost)  
  96  11:08  Carrier  
  96  11:09  Carrier  
  96  11:10  Nexus  
  109  11:13  Assimilator  
  109  11:14  Stargate  
  109  11:16  Probe  
  109  11:17  Assimilator  
  110  11:28  Probe  
  111  11:37  Forge  
  111  11:38  Pylon  
  111  11:39  Pylon  
  111  11:40  Probe  
  111  11:41  Pylon  
  111  11:45  Pylon x2  
  112  11:49  Pylon x2  
  112  11:52  Probe, Protoss Air Weapons Level 3  
  113  11:58  Stargate  
  113  12:01  Pylon  
  113  12:04  Probe, Stargate  
  113  12:07  Pylon  
  114  12:18  Carrier x2  
  126  12:24  Probe (Chrono Boost)  
  126  12:27  Probe (Chrono Boost)  
  128  12:34  Probe (Chrono Boost)  
  128  12:37  Probe (Chrono Boost)  
  128  12:39  Probe (Chrono Boost)  
  129  12:45  Carrier  
  129  12:51  Probe  
  142  13:03  Probe  
  143  13:07  Pylon  
  143  13:09  Pylon  
  143  13:12  Pylon  
  143  13:14  Pylon  
  143  13:15  Probe  
  143  13:17  Pylon  
  143  13:19  Pylon  
  137  13:21  Pylon  
  137  13:27  Probe  
  137  13:28  Pylon  
  137  13:29  Pylon  
  138  13:39  Probe  
  138  13:40  Carrier  
  139  13:44  Stargate  
  139  13:48  Pylon x2  
  139  13:52  Pylon  
  139  13:53  Pylon  
  139  13:58  Carrier x2  
  151  14:05  Probe  
  151  14:09  Protoss Shields Level 1  
  152  14:20  Probe (Chrono Boost)  
  152  14:21  Probe (Chrono Boost)  
  154  14:30  Probe (Chrono Boost)  
  157  14:32  Probe (Chrono Boost)  
  157  14:33  Probe (Chrono Boost)  
  157  14:34  Protoss Air Armor Level 2  
  158  14:39  Probe (Chrono Boost)  
  158  14:41  Probe (Chrono Boost)  
  158  14:44  Nexus  
  160  14:46  Probe (Chrono Boost), Assimilator  
  160  14:48  Probe (Chrono Boost)  
  160  14:49  Probe (Chrono Boost)  
  160  14:51  Assimilator  
  162  14:55  Probe  
  162  14:58  Probe  
  162  14:59  Carrier x2  
  176  15:07  Probe  
  172  15:23  Phoenix  
  172  15:24  Phoenix  
  172  15:25  Phoenix x2  
  180  15:35  Nexus  
  180  15:38  Assimilator  
  180  15:48  Carrier  
  180  15:49  Carrier  
  192  15:50  Carrier  
  194  17:04  Twilight Council  
Tags
 
Add a new tag
Caveats
  • Supply blocks, unpowered buildings, or Contaminate may cause inaccurate times.
  • Supply counts are checked every 10 seconds.